 Dungeon Crawl Stone Soup version 0.26-a0-1013-gf6ffb0d6bd (webtiles) character file.

Game seed: 3605383242287086440

780 lunkers the Frost Mage (level 8, -15/41 HPs)
             Began as a Kobold Ice Elementalist on Dec 8, 2020.
             Was a Follower of Vehumet.
             Demolished by Menkaure (17 damage)
             ... on level 4 of the Dungeon.
             The game lasted 00:09:49 (5654 turns).

lunkers the Frost Mage (Kobold Ice Elementalist)    Turns: 5654, Time: 00:09:49

Health: -15/41     AC:  6    Str:  5    XL:     8   Next: 10%
Magic:  15/15      EV: 15    Int: 18    God:    Vehumet [*.....]
Gold:   247        SH:  0    Dex: 16    Spells: 10/17 levels left

rFire    + . .     SeeInvis .   y - +2 dagger (venom)
rCold    . . .     Faith    .   (shield restricted)
rNeg     . . .     Spirit   .   a - +0 robe
rPois    .         Reflect  .   q - +2 helmet
rElec    .         Harm     .   (no cloak)
rCorr    .         Rampage  .   z - +0 pair of gloves
Will     .....                  (no boots)
Stlth    +++.......             n - amulet of magic regeneration
HPRegen  0.13/turn              j - ring of protection from fire
MPRegen  0.39/turn              (no ring)

@: hasted, very quick
A: small, nightstalker 3
a: Renounce Religion


You were on level 4 of the Dungeon.
You worshipped Vehumet.
Vehumet was aware of your devotion.
You visited 2 branches of the dungeon, and saw 6 of its levels.

You collected 247 gold pieces.

Inventory:

Hand Weapons
 l - a +0 dagger
 s - a +3 short sword
 y - a +2 dagger of venom (weapon)
Armour
 a - a +0 robe (worn)
 q - a +2 helmet (worn)
 z - a +0 pair of gloves (worn)
Jewellery
 j - a ring of protection from fire (left hand)
 n - an amulet of magic regeneration (around neck)
Wands
 v - a wand of iceblast (21)
Scrolls
 c - a scroll of noise {unknown}
 d - 6 scrolls of teleportation {unknown}
 e - a scroll of fear {unknown}
 f - 2 scrolls of amnesia {unknown}
 h - a scroll of blinking {unknown}
 k - 2 scrolls of enchant weapon {unknown}
 m - 4 scrolls of identify {unknown}
 p - 3 scrolls of remove curse {unknown}
 x - a scroll of enchant armour {unknown}
Potions
 b - a potion of brilliance {unknown}
 g - 2 potions of curing
 i - 2 potions of might {unknown}
 r - a potion of berserk rage {unknown}
 t - a potion of haste
 u - a potion of mutation {unknown}
 w - a potion of invisibility {unknown}


   Skills:
 - Level 2.4 Dodging
 - Level 2.6 Stealth
 + Level 5.2 Spellcasting
 * Level 8.1 Ice Magic


You had 10 spell levels left.
You knew the following spells:

 Your Spells              Type           Power        Failure   Level
a - Freeze                Ice            ####         1%          1
b - Frozen Ramparts       Ice            ####..       1%          3
c - Ozocubu's Armour      Ice            ####....     1%          3

Your spell library contained the following spells:

 Spells                   Type           Power        Failure   Level
 Sandblast                Erth           #.....       13%         1
 Hailstorm                Conj/Ice       ###.....     24%         4
 Summon Ice Beast         Ice/Summ       ###.....     24%         4


Dungeon Overview and Level Annotations

Branches:
Dungeon (5/15)             Temple (1/1) D:4

Altars:
Ashenzari
Cheibriados
Dithmenos
Elyvilon
Fedhas
Gozag
Hepliaklqana
Kikubaaqudgha
Makhleb
Nemelex Xobeh
Okawaru
Qazlal
Ru
Sif Muna
Trog
Uskayaw
Vehumet
Wu Jian
Xom
Yredelemnul
Zin
The Shining One

Shops:
D:4 :!?

Annotations:
D:4 3 runed translucent doors, Menkaure


Innate Abilities, Weirdness & Mutations

You are small and have problems with some larger weapons.
You are completely attuned to the shadows.


Message History

Unknown command.
Unknown command.
You hit Menkaure but do no damage.
Menkaure is heavily damaged.
You hit Menkaure but do no damage.
Menkaure is heavily damaged.
Menkaure calls on the powers of darkness!
You feel a surge of unholy energy.
You hear an angry hiss.
You hit Menkaure.
Menkaure is heavily damaged.
You hit Menkaure but do no damage.
Menkaure is heavily damaged.
Menkaure casts a spell.
Menkaure seems to speed up.
The leopard gecko hisses angrily.
You hit Menkaure.
Menkaure is heavily damaged.
Menkaure hits you!
You die...

........#.## #..... .....)....##
.... ##..... .......#...### .
...######...... ........##....#
.. #.............
........##........?#.............
.................l.l.........##..
........##.......#########.......
.....#####......M# #.......
.##..####.#.....@# #.......
####...... #.##..# .....Z#...#...
##.#......#...#..##.....##[[##...
...#.........>...#......Z##[...##
#........##......###+++####)<..##
##.###.#..#...............#......
#.###.#......>........#.........
##..#..#..#..#...#.#......###....
#.(##..#..#.....#####.#######...#


You could see Menkaure (fast) and a leopard gecko.

Vanquished Creatures
  Eustachio (D:4)
  An ogre (D:5)
  8 orc wizards
  An orc priest (D:5)
  An iguana (D:4)
  Terence (D:3)
  2 worker ants (D:4)
  Robin (D:3)
  3 adders
  A river rat (D:3)
  An ufetubus (D:5)
  2 oozes (D:3)
  An adder skeleton (D:4)
  4 worms
  4 leopard geckos
  22 orcs
  2 giant cockroaches
  15 goblins
  12 hobgoblins
  2 jackals (D:2)
  2 quokkas
  2 ball pythons
  6 bats
  5 frilled lizards
  A giant cockroach zombie (D:5)
  8 kobolds
  A quokka skeleton (D:4)
  7 rats
117 creatures vanquished.

Notes
Turn   | Place    | Note
-------+----------+-------------------------------------------
     0 | D:1      | lunkers the Kobold Ice Elementalist began the quest for the
                  | Orb.
     0 | D:1      | Reached XP level 1. HP: 10/10 MP: 3/3
   389 | D:1      | Reached XP level 2. HP: 15/15 MP: 3/5
   886 | D:1      | Reached XP level 3. HP: 19/19 MP: 3/6
  1431 | D:1      | Learned a level 3 spell: Frozen Ramparts
  1435 | D:1      | Learned a level 3 spell: Ozocubu's Armour
  1756 | D:2      | Found a faded altar of an unknown god.
  2257 | D:2      | Reached skill level 5 in Ice Magic
  2257 | D:2      | Reached XP level 4. HP: 20/24 MP: 2/8
  2502 | D:2      | Found a glowing silver altar of Zin.
  2773 | D:3      | Reached XP level 5. HP: 28/28 MP: 5/9
  2822 | D:3      | You fall into a shaft and drop 2 floors!
  2822 | D:5      | Entered Level 5 of the Dungeon
  2823 | D:5      | Noticed a centaur
  2855 | D:5      | HP: 1/28 [orc wizard/+0 dagger (5)]
  2860 | D:5      | Reached skill level 6 in Ice Magic
  2860 | D:5      | Reached XP level 6. HP: 2/32 MP: 2/11
  3230 | D:5      | Noticed an ogre
  3239 | D:5      | Killed an ogre
  3324 | D:4      | Found a runed translucent gate.
  3324 | D:4      | Found a runed translucent gate.
  3324 | D:4      | Found a runed translucent gate.
  3374 | D:4      | Reached XP level 7. HP: 25/36 MP: 9/13
  3535 | D:4      | Found Ycaomoeh's Magic Scroll Boutique.
  3600 | D:3      | Noticed Robin
  3659 | D:4      | Found a staircase to the Ecumenical Temple.
  3673 | Temple   | Entered the Ecumenical Temple
  3922 | Temple   | Became a worshipper of Vehumet
  3973 | D:4      | Found Rohusere's Assorted Antiques.
  4009 | D:4      | Found Appan's Distillery.
  4047 | D:4      | Found Bekhotosh's Book Shoppe.
  4080 | D:4      | Reached skill level 7 in Ice Magic
  4596 | D:3      | Killed Robin
  4668 | D:3      | Reached * piety under Vehumet
  4668 | D:3      | Offered knowledge of Sandblast by Vehumet.
  4811 | D:3      | Noticed Terence
  4831 | D:3      | Killed Terence
  5211 | D:3      | Found a white marble altar of Elyvilon.
  5309 | D:4      | Noticed Menkaure
  5385 | D:4      | Noticed Eustachio
  5407 | D:4      | Killed Eustachio
  5408 | D:4      | Reached skill level 5 in Spellcasting
  5408 | D:4      | Reached skill level 8 in Ice Magic
  5408 | D:4      | Reached XP level 8. HP: 19/41 MP: 11/15
  5649 | D:4      | HP: 2/41 [Menkaure (17)]
  5654 | D:4      | Demolished by Menkaure

Illustrated notes

Levels and vault maps discovered:
D:1:      dpeg_arrival_solitude, layout_basic
D:2:      layout_basic, lemuel_coloured_pillars_altar,
          chequers_ecumenical_altar_simple
D:3:      layout_rooms, cheibrodos_sewer_entry_sluice, elyvilon_altar_5,
          uniq_terence, uniq_robin
D:4:      layout_cave_pools, minmay_temple_entry_antechambers,
          gammafunk_ghost_necromancy, serial_shops, shop, shop, shop_statue,
          shop, uniq_menkaure, uniq_eustachio
D:5:      layout_cave_pools
Temple:   kilobyte_greek_temple

Skill      XL: |  1  2  3  4  5  6  7 |
---------------+----------------------+-----
Ice Magic      | 5 6 8 |  8.1
Spellcasting   | 3 4 5 |  5.2
Dodging        | |  2.4
Stealth        | |  2.6

Action                   |  1- 3 |  4- 6 |  7- 9 || total
-------------------------+-------+-------+-------++-------
Melee: Unarmed           |     1 |       |       ||     1
       Short sword       |       |     5 |    10 ||    15
       Dagger            |       |       |    23 ||    23
 Cast: Freeze            |    61 |    38 |    56 ||   155
       Frozen Ramparts   |       |     2 |     8 ||    10
  Use: Potion            |       |       |     2 ||     2
Armor: Robe              |     5 |     6 |    24 ||    35
Dodge: Dodged            |    26 |    35 |    93 ||   154

Table legend: (Time is in decaauts)
 A = Elapsed time spent in this place.
 B = Non-inter-level travel time spent in this place.
 C = Inter-level travel time spent in this place.
 D = Time resting spent in this place.
 E = Time spent auto-exploring this place.
 F = Levels seen in this place.
 G = Mean time per level.
                   A        B        C        D        E       F      G
               +--------+--------+--------+--------+--------+-----+--------+
         Total |   5671 |   5502 |    169 |    398 |   4142 |   6 |  945.2 |
       Dungeon |   5379 |   5265 |    114 |    398 |   3936 |   5 | 1075.8 |
        Temple |    291 |    236 |     55 |      0 |    206 |   1 |  291.0 |
               +--------+--------+--------+--------+--------+-----+--------+

Top non-repeatable levels by time:
     D:1: 1419 daAuts
     D:2: 1344 daAuts
     D:4: 1332 daAuts
     D:3: 777 daAuts
     D:5: 506 daAuts
  Temple: 291 daAuts
